 Dungeon Crawl Stone Soup version 0.20.1-1-g8b1a95d (webtiles) character file.

265340 vatarom the Devastator (level 19, 0/142 HPs)
             Began as a Demonspawn Ice Elementalist on Oct 2, 2017.
             Was a High Priest of Sif Muna.
             Slain by a ghoul (23 damage)
             ... on level 2 of the Vaults on Oct 3, 2017.
             The game lasted 03:28:06 (67918 turns).

vatarom the Devastator (DsIE)                      Turns: 67918, Time: 03:28:07

Health: 0/142      AC: 15    Str: 11    XL:     19   Next: 30%
Magic:  2/45       EV: 13    Int: 23    God:    Sif Muna [*****.]
Gold:   1327       SH:  6    Dex: 16    Spells: 0/44 levels left

rFire    + + .     SeeInvis .   b - staff of energy
rCold    + + .     Gourm    .   E - +1 buckler
rNeg     + . .     Faith    .   d - +0 swamp dragon scales
rPois    +         Spirit   .   X - +1 hat {MR+}
rElec    +         Reflect  .   y - scarf {rC+ rF+}
rCorr    .         Harm     .   z - +2 pair of gloves {Dex+3}
MR       ++...                  (boots unavailable)
Stlth    +++.......             U - amulet of magic regeneration
Regen    0.4/turn               s - ring of magical power
MPRegen  0.5/turn               V - ring "Qoin" {rElec EV+2}

@: heavily drained, divine energy
A: horns 1, talons 3, icy blue scales 3, blink, fire resistance 1, ignite blood,
negative energy resistance 1, nightstalker 2, flame cloud immunity
}: 2/15 runes: decaying, gossamer
a: Blink, Stop Divine Energy, Channel Magic, Forget Spell, Renounce Religion


You were on level 2 of the Vaults.
You worshipped Sif Muna.
Sif Muna was extremely pleased with you.
You were not hungry.

You visited 7 branches of the dungeon, and saw 34 of its levels.
You also visited: Labyrinth and Bailey.

You collected 3130 gold pieces.
You spent 1803 gold pieces at shops.

Inventory:

Hand Weapons
 a - a +4 halberd of electrocution
Missiles
 n - 7 needles of confusion
 F - 70 tomahawks of returning (quivered)
 P - a throwing net
Armour
 d - +0 swamp dragon scales (worn)
 t - a +2 robe of resistance
 y - a scarf of resistance (worn)
 z - a +2 pair of gloves of dexterity (worn)
 E - a +1 buckler (worn)
 Q - a +0 cloak
 X - a +1 hat of magic resistance (worn)
Magical Staves
 b - an uncursed staff of energy (weapon)
Jewellery
 f - an uncursed ring of see invisible
 h - an uncursed amulet of harm
 s - a ring of magical power (left hand)
 U - an amulet of magic regeneration (around neck)
 V - the ring "Qoin" (right hand) {rElec EV+2}
   (You found it on level 14 of the Dungeon)

   [ring of evasion]

   It affects your evasion (+2).
   It insulates you from electricity.
Wands
 k - a wand of lightning (8/15)
 m - a wand of iceblast (7/15)
 p - a wand of enslavement (3/24)
 w - a wand of disintegration (0/24)
 C - a wand of enslavement (2/24)
 R - a wand of disintegration (5/24)
 Z - a wand of iceblast (1/15)
Scrolls
 i - 4 scrolls of fog
 l - 2 scrolls of teleportation
 o - 6 scrolls of remove curse
 r - 2 scrolls of amnesia
 v - 4 scrolls of enchant weapon
 L - 2 scrolls of torment
 M - a scroll of identify
 W - a scroll of summoning
Potions
 c - 5 potions of haste
 e - 2 potions of brilliance
 g - 3 potions of curing
 j - 4 potions of ambrosia
 G - 3 potions of magic
 H - 7 potions of might
 I - a potion of berserk rage
 Y - 4 potions of resistance
Books
 A - a book of Maledictions

   Spells                             Type                      Level
   a - Corona                         Hexes                        1
   b - Ensorcelled Hibernation        Hexes/Ice                    2
   c - Confuse                        Hexes                        3
   d - Tukima's Dance                 Hexes                        3
   e - Dazzling Spray                 Conjuration/Hexes            3
 D - Kiezugu's Grimoire of Poisonous Conjuration
   (Sif Muna gifted it to you on level 15 of the Dungeon)

   Spells                             Type                      Level
   a - Shock                          Conjuration/Air              1
   b - Spider Form                    Transmutation/Poison         3
   c - Force Lance                    Conjuration/Translocation    4
   d - Irradiate                      Conjuration/Transmutation    5
   e - Poison Arrow                   Conjuration/Poison           6
   f - Conjure Ball Lightning         Conjuration/Air              6
   g - Glaciate                       Conjuration/Ice              9
 K - a book of Power

   Spells                             Type                      Level
   a - Iskenderun's Battlesphere      Conjuration/Charms           5
   b - Venom Bolt                     Conjuration/Poison           5
   c - Bolt of Magma                  Conjuration/Fire/Earth       5
   d - Iron Shot                      Conjuration/Earth            6
   e - Orb of Destruction             Conjuration                  7
   f - Spellforged Servitor           Conjuration/Summoning        7
 O - Sif Muna's Grimoire of Evil Secrets and Ignition
   (Sif Muna gifted it to you on level 2 of the Vaults)

   Spells                             Type                      Level
   a - Flame Tongue                   Conjuration/Fire             1
   b - Agony                          Necromancy                   5
   c - Bolt of Fire                   Conjuration/Fire             6
   d - Borgnjor's Revivification      Necromancy                   8
Miscellaneous
 x - a lightning rod (1/4)
Comestibles
 q - 3 meat rations
 u - 3 bread rations
 B - a fruit
 S - 11 royal jellies


   Skills:
 - Level 10.8(9.3) Fighting
 - Level 6.0(4.6) Throwing
 - Level 3.6(2.3) Dodging
 - Level 1.7(0.5) Stealth
 - Level 5.1(3.7) Shields
 - Level 13.4(11.7) Spellcasting
 + Level 16.5(14.8) Conjurations
 - Level 3.3(2.0) Charms
 * Level 16.4(14.7) Ice Magic
 - Level 6.0(4.6) Air Magic
 - Level 11.4(9.8) Invocations
 - Level 11.8(10.2) Evocations


You couldn't memorise any spells.
You knew the following spells:

 Your Spells              Type           Power        Failure   Level  Hunger
a - Freeze                Ice            ####         1%          1    None
b - Orb of Destruction    Conj           ######....   22%         7    None
c - Ozocubu's Armour      Chrm/Ice       ######..     1%          3    None
d - Throw Icicle          Conj/Ice       ######..     1%          4    None
e - Summon Ice Beast      Ice/Summ       #####...     5%          4    None
f - Iskenderun's Battles  Conj/Chrm      ######..     10%         5    None
g - Bolt of Cold          Conj/Ice       ######....   4%          6    None
h - Freezing Cloud        Conj/Ice/Air   ######....   17%         6    None
i - Regeneration          Chrm/Necr      ###.......   22%         3    None
j - Metabolic Englaciati  Hex/Ice        #####.....   16%         5    None


Dungeon Overview and Level Annotations

Branches:
Dungeon (15/15)            Temple (1/1) D:5            Lair (6/6) D:11
  Swamp (4/4) Lair:3       Spider (4/4) Lair:4        Slime (0/5) Lair:5
    Orc (2/2) D:9             Elf (0/3) Orc:2        Vaults (2/5) D:14
 Depths (0/5) D:15
  Crypt: Vaults:2-3

Altars:
Ashenzari
Cheibriados
Dithmenos
Elyvilon
Fedhas
Gozag
Hepliaklqana
Kikubaaqudgha
Makhleb
Nemelex Xobeh
Okawaru
Qazlal
Ru
Sif Muna
Trog
Uskayaw
Vehumet
Xom
Yredelemnul
Zin
The Shining One
Beogh
Lugonu

Shops:
D:14 (   Orc:2 =(([   Vaults:1 :

Portals:
Trove: D:15 (show slimy rune of Zot)

Annotations:
D:5 Grinder
Swamp:2 Bai Suzhen


Innate Abilities, Weirdness & Mutations

You have claws for feet.
You are completely covered in icy blue scales. (AC +4, rC+)
Your flesh is heat resistant. (rF+)
Your demonic aura causes spilled blood to erupt in flames.
You resist negative energy. (rN+)
You are significantly more attuned to the shadows.
You are immune to clouds of flame.
You have a pair of small horns on your head.
You can translocate small distances at will.


Message History

Drop what? 49/52 slots (_ for help) (? for menu, Esc to quit)
Drop what? 49/52 slots (_ for help) (? for menu, Esc to quit)
Okay, then.
Evoke which item? (* to show all) (? for menu, Esc to quit)
Aiming: Disintegrate (will waste charges)
Press: ? - help, Shift-Dir - straight line, f/p - ghoul
Aim: a ghoul (severely damaged, chance to defeat MR: 49%) Nothing appears to happen.
The ghoul claws you!!
* * * LOW HITPOINT WARNING * * *
The ghoul claws you!
* * * LOW HITPOINT WARNING * * *
Unknown command.
You regain access to your magic.
The ghoul closely misses you. The ghoul claws you!
* * * LOW HITPOINT WARNING * * *
Things that are here:
a dire flail; a leather armour Unknown command.
You feel better. The ghoul claws you but does no damage. The ghoul claws you!!
You die...

########
#§§@...#
#.n§§*.#
#..)...'.
#
#......##
.##
#......#
...##
#.)....#
....##
####
.....#
....
#.<.#
....


You could see a ghoul and a friendly battlesphere.

Vanquished Creatures
  Nikola (Spider:2)
  Arachne (Spider:2)
  Jorgrun (Swamp:3)
  A tentacled monstrosity (Swamp:2)
  Gastronok (Lair:3)
  Roxanne (Spider:2)
  A thorn hunter (Swamp:4)
  2 vault wardens (Vaults:1)
  Louise (Swamp:1)
  2 ghost moths (Spider:4)
  8 emperor scorpions
  4 ironheart preservers
  A stone giant (Orc:2)
  3 entropy weavers
  A deep elf annihilator (Vaults:1)
  3 spark wasps (Spider:4)
  An ettin (D:14)
  Snorg (D:12)
  A minotaur (Lab)
  A great orb of eyes (Vaults:1)
  Fannar (Lair:1)
  5 fire dragons
  2 vault guards (Vaults:1)
  A yaktaur captain (Vaults:2)
  An ice dragon (Vaults:1)
  17 hydras
  A rakshasa (D:14)
  3 ghost crabs
  2 death knights
  4 catoblepae
  12 alligators
  9 centaur warriors
  12 two-headed ogres
  15 death yaks
  A tengu warrior (D:14)
  2 ogre magi
  A shock serpent (shapeshifter) (D:15)
  A fire crab (Swamp:4)
  A fire crab (shapeshifter) (Vaults:2)
  13 skeletal warriors
  A shadow wraith (Vaults:1)
  3 spriggan druids
  A flayed ghost (Vaults:1)
  6 swamp dragons
  4 unseen horrors
  2 shambling mangroves (Swamp:3)
  2 lindwurms (Swamp:4)
  A phantasmal warrior (Vaults:1)
  4 ironbrand convokers (Vaults:1)
  3 wolf spider zombies
  19 orb spiders
  A wizard (Vaults:2)
  15 orc knights
  5 manticores
  2 salamanders
  4 deep elf magi
  26 wolf spiders
  7 orc sorcerers
  9 cyclopes
  4 moths of wrath
  20 ugly things
  5 elephants
  A moth of wrath (shapeshifter) (D:14)
  5 black mambas
  A centaur zombie (D:12)
  6 vault sentinels
  3 gargoyles
  14 spiny frogs
  3 centaur skeletons
  2 torpor snails
  8 yaktaurs (Vaults:1)
  2 kobold demonologists
  3 rime drakes
  3 efreet
  4 freezing wraiths
  9 komodo dragons
  11 demonic crawlers
  11 tyrant leeches
  2 tengu conjurers (D:13)
  24 jumping spiders
  3 polar bears
  3 meliai (D:15)
  7 trolls
  23 hornets
  21 blink frogs
  14 hippogriffs
  26 slime creatures
  11 bog bodies
  21 dream sheep
  A frost giant simulacrum (Vaults:1)
  The ghost of Britaniac the Skirmisher, an amateur OgFi (D:3)
  A meliai zombie (D:13)
  75 redbacks
  2 shadows
  9 spriggans
  An air elemental (Orc:2)
  A human (D:9)
  41 tarantellas
  2 vampires
  72 yaks
  A golden eye (shapeshifter) (Vaults:2)
  2 wyverns
  2 basilisks (Lair:1)
  3 hogs (D:9)
  7 hungry ghosts
  2 steam dragons (Swamp:4)
  28 vampire mosquitoes
  10 insubstantial wisps
  A warg (shapeshifter) (Vaults:1)
  9 wargs
  A soldier ant (D:12)
  An acid dragon (Vaults:1)
  19 swamp worms
  15 water moccasins
  5 porcupines
  7 ice beasts
  34 orc warriors
  4 black bears
  3 eyes of draining
  7 sky beasts
  A hornet zombie (D:13)
  13 swamp drakes
  The ghost of Ymberti the Covered, an amateur HOFi of Beogh (D:4)
  8 phantoms
  15 ogres
  3 boggarts (Vaults:2)
  19 centaurs
  16 crocodiles
  5 big kobolds
  17 bullfrogs
  2 wyvern zombies
  A wyvern skeleton (D:10)
  4 scorpions
  7 killer bees
  A troll zombie (D:9)
  21 wights
  6 howler monkeys
  5 electric eels
  6 crimson imps
  A bullfrog zombie (D:9)
  A quasit (D:12)
  13 orc priests
  3 bullfrog skeletons
  5 hounds
  16 jellies
  Terence (D:2)
  Jessica (D:2)
  4 iguanas
  14 orc wizards
  10 worker ants
  5 ogre zombies (D:9)
  A hound zombie (D:10)
  A hound skeleton (D:11)
  18 gnolls
  13 adders
  5 shadow imps
  An ooze (Lair:5)
  2 adder skeletons
  2 adder zombies
  2 worms
  9 leopard geckos
  72 orcs
  9 giant cockroaches
  9 goblins
  15 hobgoblins
  16 jackals
  38 kobolds
  10 quokkas
  A ball python (D:3)
  A ball python skeleton (D:4)
  9 bats
  4 frilled lizards
  2 goblin zombies (D:9)
  4 hobgoblin zombies (D:9)
  2 orc skeletons (D:9)
  5 orc zombies (D:9)
  A quokka zombie (D:9)
  11 rats
  A fire vortex (Swamp:4)
  A plant (Lair:6)
1382 creatures vanquished.

Vanquished Creatures (collateral kills)
  2 hydras
  2 orb spiders (Spider:4)
  A jumping spider (Spider:1)
  A troll (D:11)
  A redback (Spider:1)
  2 tarantellas (Spider:1)
  An ice beast (D:5)
  2 centaurs (D:11)
  3 orc priests (D:11)
  A bullfrog skeleton (D:7)
  2 orc wizards
  A worker ant (D:5)
  A gnoll (D:8)
  5 orcs
  3 goblin zombies (D:9)
  A hobgoblin skeleton (D:9)
  2 orc zombies (D:9)
31 creatures vanquished.

Vanquished Creatures (others)
  A swamp dragon (Swamp:4)
  An orb spider (Spider:4)
  A swamp worm (Swamp:4)
  5 swamp drakes (Swamp:4)
  17 fungi
  26 plants
51 creatures vanquished.

Grand Total: 1464 creatures vanquished

Notes
Turn   | Place    | Note
-------+----------+-------------------------------------------
     0 | D:1      | vatarom the Demonspawn Ice Elementalist began the quest for the Orb.
     0 | D:1      | Reached XP level 1. HP: 13/13 MP: 3/3
   654 | D:1      | Gained mutation: You have sharp toenails. [demonic ancestry]
   654 | D:1      | Reached XP level 2. HP: 6/20 MP: 0/5
  1100 | D:1      | Learned a level 2 spell: Throw Frost
  1214 | D:1      | Reached skill level 1 in Fighting
  1877 | D:2      | Gained mutation: Your flesh is heat resistant. (rF+) [demonic ancestry]
  1877 | D:2      | Reached XP level 3. HP: 21/26 MP: 0/6
  1952 | D:2      | Noticed Jessica
  1960 | D:2      | Killed Jessica
  2030 | D:2      | Found a blossoming altar of Fedhas.
  2176 | D:2      | Reached XP level 4. HP: 27/32 MP: 2/7
  2244 | D:2      | Noticed Terence
  2316 | D:2      | Killed Terence
  2788 | D:2      | Learned a level 3 spell: Ozocubu's Armour
  2956 | D:2      | Gained mutation: You are slightly more attuned to the shadows. [demonic ancestry]
  2956 | D:2      | Reached XP level 5. HP: 38/38 MP: 4/9
  3153 | D:3      | Found a faded altar of an unknown god.
  3157 | D:3      | Noticed Britaniac's ghost (amateur OgFi)
  3164 | D:3      | Noticed a two-headed ogre
  4424 | D:4      | You fall through a shaft for 2 floors!
  4429 | D:6      | Gained mutation: You are significantly more attuned to the shadows. [demonic ancestry]
  4429 | D:6      | Reached XP level 6. HP: 46/46 MP: 7/10
  4435 | D:6      | Learned a level 4 spell: Throw Icicle
  4494 | D:6      | Reached skill level 5 in Ice Magic
  4708 | D:6      | Found a glowing silver altar of Zin.
  4871 | D:6      | Gained mutation: You are partially covered in icy blue scales. (AC +2) [demonic ancestry]
  4871 | D:6      | Reached XP level 7. HP: 40/52 MP: 12/12
  5289 | D:5      | Entered Level 5 of the Dungeon
  5435 | D:5      | Noticed Grinder
  5435 | D:5      | Paralysed by Grinder for 3 turns
  5444 | D:5      | Paralysed by Grinder for 2 turns
  5525 | D:5      | Found a staircase to the Ecumenical Temple.
  5547 | Temple   | Entered the Ecumenical Temple
  6005 | D:4      | Found a basalt altar of Yredelemnul.
  6170 | D:4      | Found a burning altar of Makhleb.
  6211 | D:4      | Noticed Ymberti's ghost (amateur HOFi)
  6297 | D:4      | Killed Ymberti's ghost
  6790 | D:4      | Gained mutation: You are mostly covered in icy blue scales. (AC +3) [demonic ancestry]
  6790 | D:4      | Reached XP level 8. HP: 21/60 MP: 0/14
  7067 | D:4      | Found an ancient bone altar of Kikubaaqudgha.
  7633 | D:3      | Killed Britaniac's ghost
  7666 | D:3      | Learned a level 4 spell: Summon Ice Beast
  9230 | D:6      | Reached skill level 5 in Spellcasting
  9302 | D:6      | Found a shimmering altar of Xom.
  9302 | D:6      | Found a hide-covered altar of Uskayaw.
  9381 | D:6      | Killed a two-headed ogre
  9381 | D:6      | Reached skill level 5 in Fighting
  9381 | D:6      | Gained mutation: You have razor-sharp toenails. [demonic ancestry]
  9381 | D:6      | Reached XP level 9. HP: 10/68 MP: 1/17
  9736 | D:7      | Found a bloodstained altar of Trog.
  9932 | D:7      | Identified a scroll of acquirement
 10263 | D:8      | Found a white marble altar of Elyvilon.
 10295 | D:8      | Found an opulent altar of Gozag.
 10333 | D:8      | Found a stormy altar of Qazlal.
 10588 | D:8      | Found a flagged portal.
 10614 | Bailey   | Entered a bailey
 11269 | Bailey   | Gained mutation: You are somewhat resistant to further mutation. [potion of mutation]
 11270 | Bailey   | Lost mutation: You are somewhat resistant to further mutation. [potion of mutation]
 11270 | Bailey   | Gained mutation: Your flesh is very heat resistant. (rF++) [potion of mutation]
 11270 | Bailey   | Gained mutation: You are weak. (Str -2) [potion of mutation]
 11270 | Bailey   | Gained mutation: Armour fits poorly on your strangely shaped body. [potion of mutation]
 11270 | Bailey   | Gained mutation: You have a pair of small antennae on your head. [potion of mutation]
 11271 | Bailey   | Lost mutation: You have a pair of small antennae on your head. [potion of mutation]
 11271 | Bailey   | Lost mutation: Your flesh is very heat resistant. (rF++) [potion of mutation]
 11271 | Bailey   | Gained mutation: You have supernaturally acute eyesight. (SInv) [potion of mutation]
 11271 | Bailey   | Gained mutation: You are resistant to hostile enchantments. (MR+) [potion of mutation]
 11272 | Bailey   | Lost mutation: Armour fits poorly on your strangely shaped body. [potion of mutation]
 11272 | Bailey   | Lost mutation: You are weak. (Str -2) [potion of mutation]
 11272 | Bailey   | Lost mutation: You have supernaturally acute eyesight. (SInv) [potion of mutation]
 11272 | Bailey   | Lost mutation: You are resistant to hostile enchantments. (MR+) [potion of mutation]
 11272 | Bailey   | Gained mutation: You are clumsy. (Dex -2) [potion of mutation]
 11272 | Bailey   | Gained mutation: Your magical capacity is low. (-10% MP) [potion of mutation]
 11272 | Bailey   | Gained mutation: You are completely covered in icy blue scales. (AC +4, rC+) [potion of mutation]
 11273 | Bailey   | Lost mutation: You are clumsy. (Dex -2) [potion of mutation]
 11273 | Bailey   | Lost mutation: Your magical capacity is low. (-10% MP) [potion of mutation]
 11273 | Bailey   | Lost mutation: You are completely covered in icy blue scales. (AC +4, rC+) [potion of mutation]
 11273 | Bailey   | Gained mutation: Your mind is acute. (Int +2) [potion of mutation]
 11273 | Bailey   | Gained mutation: You are robust. (+10% HP) [potion of mutation]
 11274 | Bailey   | Lost mutation: You are robust. (+10% HP) [potion of mutation]
 11274 | Bailey   | Lost mutation: Your mind is acute. (Int +2) [potion of mutation]
 11274 | Bailey   | Gained mutation: You tend to lose your temper in combat. [potion of mutation]
 11274 | Bailey   | Gained mutation: You have a pair of small horns on your head. [potion of mutation]
 11362 | Bailey   | Identified vatarom's Disquisition on Attacks and the Blaze (You acquired it in a bailey)
 11372 | D:8      | Learned a level 5 spell: Iskenderun's Battlesphere
 11649 | D:8      | Reached skill level 5 in Conjurations
 11649 | D:8      | Reached skill level 1 in Charms
 12151 | D:9      | Found a deep blue altar of Sif Muna.
 12187 | D:9      | Became a worshipper of Sif Muna the Loreminder
 12316 | D:9      | Gained mutation: You are immune to clouds of flame. [demonic ancestry]
 12316 | D:9      | Reached XP level 10. HP: 41/76 MP: 5/19
 12551 | D:9      | Found an iron altar of Okawaru.
 12560 | D:9      | Found a shadowy altar of Dithmenos.
 12563 | D:9      | Found a snail-covered altar of Cheibriados.
 12852 | D:9      | Reached * piety under Sif Muna
 13069 | D:9      | Found a staircase to the Orcish Mines.
 14155 | D:9      | Found a radiant altar of Vehumet.
 14363 | D:10     | Entered Level 10 of the Dungeon
 14495 | D:10     | Noticed a two-headed ogre
 14502 | D:10     | Killed a two-headed ogre
 14899 | D:10     | Gained mutation: You can translocate small distances at will. [mutagenic meat]
 14900 | D:10     | Lost mutation: You tend to lose your temper in combat. [mutagenic meat]
 14915 | D:10     | Found a shattered altar of Ashenzari.
 15057 | D:10     | Reached ** piety under Sif Muna
 15289 | D:10     | Reached XP level 11. HP: 72/84 MP: 12/22
 15469 | D:10     | Found a shattered altar of Ashenzari.
 15471 | D:10     | Saw a vision of the Swamp and the Spider Nest.
 15471 | D:10     | Noticed an alligator
 15471 | D:10     | Noticed a wolf spider
 15645 | D:11     | Found a white marble altar of Elyvilon.
 15662 | D:11     | Reached skill level 1 in Invocations
 16030 | D:11     | Noticed a two-headed ogre
 16048 | D:11     | Killed a two-headed ogre
 16132 | D:11     | Noticed a cyan ugly thing
 16136 | D:11     | Killed a cyan ugly thing
 16870 | D:11     | Reached *** piety under Sif Muna
 16872 | D:11     | Noticed a two-headed ogre
 16880 | D:11     | Killed a two-headed ogre
 16883 | D:11     | Noticed a two-headed ogre
 16899 | D:11     | Killed a two-headed ogre
 17065 | D:11     | Found a staircase to the Lair.
 17293 | D:11     | Noticed an eight-headed hydra
 17297 | D:11     | Killed an eight-headed hydra
 17362 | D:11     | Learned a level 6 spell: Bolt of Cold
 17500 | D:12     | Noticed Snorg
 17516 | D:12     | Killed Snorg
 17516 | D:12     | Reached skill level 5 in Invocations
 17599 | D:12     | Found a labyrinth entrance.
 17604 | Lab      | Entered a labyrinth
 18304 | Lab      | Noticed a minotaur
 18322 | Lab      | Killed a minotaur
 18352 | Lab      | Identified the Guide on Dark Magic and Self-Knowledge
 18587 | Lair:1   | Entered Level 1 of the Lair of Beasts
 18899 | Lair:1   | Gained mutation: You resist negative energy. (rN+) [demonic ancestry]
 18899 | Lair:1   | Reached XP level 12. HP: 66/94 MP: 24/24
 19518 | Lair:1   | Noticed Fannar
 19543 | Lair:1   | Killed Fannar
 19630 | Lair:1   | Reached skill level 10 in Ice Magic
 19924 | Lair:1   | Reached **** piety under Sif Muna
 20103 | Lair:1   | Found a radiant altar of Vehumet.
 20121 | Lair:1   | Noticed an eight-headed hydra
 20128 | Lair:1   | Killed an eight-headed hydra
 20512 | Lair:2   | Reached skill level 10 in Conjurations
 21059 | Lair:2   | Reached skill level 1 in Evocations
 21661 | Lair:2   | Reached ***** piety under Sif Muna
 21661 | Lair:2   | Identified Sif Muna's Compendium of Benedictions and Hexes (Sif Muna gifted it to you on level 2 of the Lair of Beasts)
 21661 | Lair:2   | Received a gift from Sif Muna
 22268 | Lair:3   | Noticed a death yak
 22268 | Lair:3   | Noticed a death yak
 22270 | Lair:3   | Noticed a death yak
 22272 | Lair:3   | Noticed a death yak
 22273 | Lair:3   | Killed a death yak
 22273 | Lair:3   | Gained mutation: You are completely covered in icy blue scales. (AC +4, rC+) [demonic ancestry]
 22273 | Lair:3   | Reached XP level 13. HP: 99/99 MP: 14/26
 22280 | Lair:3   | Reached skill level 10 in Invocations
 22444 | Lair:3   | Noticed Gastronok
 22450 | Lair:3   | Killed Gastronok
 22671 | Lair:3   | Learned a level 6 spell: Freezing Cloud
 22825 | Lair:3   | Found a staircase to the Swamp.
 22868 | Lair:3   | Reached skill level 1 in Air Magic
 23306 | Lair:3   | Got a fine falchion
 23307 | Lair:3   | Identified the +5 falchion of the Moon {drain, rC- Int+8} (You found it on level 3 of the Lair of Beasts)
 23649 | Lair:4   | Found a hole to the Spider Nest.
 24799 | Lair:5   | Got a steaming leather armour
 24810 | Lair:5   | Identified the +3 leather armour "Heuk" {Dex+4} (You found it on level 5 of the Lair of Beasts)
 25066 | Lair:5   | Found a staircase to the Slime Pits.
 25161 | Lair:5   | Reached skill level 5 in Evocations
 25608 | Lair:5   | Reached XP level 14. HP: 106/106 MP: 27/27
 25918 | Lair:6   | Entered Level 6 of the Lair of Beasts
 26814 | Lair:6   | Reached skill level 5 in Air Magic
 28520 | Lair:6   | Identified Hesmuxexka's Collected Works on Flames and Transmigration
 29069 | D:12     | Found a sacrificial altar of Ru.
 30186 | D:13     | Received a gift from Sif Muna
 30216 | D:13     | Got a spiked leather armour
 30217 | D:13     | Identified the +2 leather armour of Impressiveness {rElec Str+8 Dex-3} (You found it on level 13 of the Dungeon)
 31326 | D:13     | Gained mutation: You have claws for feet. [demonic ancestry]
 31326 | D:13     | Reached XP level 15. HP: 88/114 MP: 23/28
 32193 | D:13     | Reached skill level 1 in Shields
 33192 | D:14     | Found a gate to the Vaults.
 33201 | D:14     | Got a pair of bloodstained boots
 33202 | D:14     | Identified the +0 pair of boots "Galahuce" {Dex+6} (You found it on level 14 of the Dungeon)
 33605 | D:14     | Found Qiurch's Weapon Boutique.
 33648 | D:14     | Reached skill level 10 in Spellcasting
 33658 | D:14     | Noticed a storm dragon
 34279 | D:14     | Got scorched pearl dragon scales
 34295 | D:14     | Got a bound golden ring
 34296 | D:14     | Identified the cursed +1 pearl dragon scales of Punezuy {rPois rN+} (You found it on level 14 of the Dungeon)
 34319 | D:14     | Identified the ring "Qoin" {rElec EV+2} (You found it on level 14 of the Dungeon)
 34653 | D:14     | Paralysed by a hornet for 2 turns
 35048 | D:14     | Reached skill level 1 in Throwing
 35102 | D:15     | Entered Level 15 of the Dungeon
 36284 | D:15     | Found a portal to a secret trove of treasure.
 36531 | D:15     | Identified Kiezugu's Grimoire of Poisonous Conjuration (Sif Muna gifted it to you on level 15 of the Dungeon)
 36531 | D:15     | Received a gift from Sif Muna
 37100 | D:15     | Reached skill level 5 in Shields
 37580 | D:15     | Found a staircase to the Depths.
 37873 | Orc:1    | Entered Level 1 of the Orcish Mines
 38010 | Orc:1    | Found a roughly hewn altar of Beogh.
 38159 | Orc:1    | You fall through a shaft!
 38159 | Orc:2    | Entered Level 2 of the Orcish Mines
 39025 | Orc:2    | Found Pisheuza's Weapon Emporium.
 39025 | Orc:2    | Found Jeilemi's Antique Armour Shop.
 39098 | Orc:2    | Bought an embroidered robe for 103 gold pieces
 40332 | Orc:2    | Reached XP level 16. HP: 117/120 MP: 1/30
 40365 | Orc:2    | Learned a level 7 spell: Orb of Destruction
 41146 | Orc:2    | Found a staircase to the Elven Halls.
 41287 | Orc:2    | Found a roughly hewn altar of Beogh.
 41355 | Orc:2    | Found Aruz's Jewellery Emporium.
 41362 | Orc:2    | Found Gufrimiv's Weapon Shop.
 41696 | D:11     | Reached skill level 5 in Throwing
 42267 | Swamp:1  | Entered Level 1 of the Swamp
 42773 | Swamp:1  | Identified Sif Muna's Papyrus of Damaging Sinister Magic (Sif Muna gifted it to you on level 1 of the Swamp)
 42773 | Swamp:1  | Received a gift from Sif Muna
 43574 | Swamp:1  | Noticed Louise
 43582 | Swamp:1  | Killed Louise
 44100 | Swamp:2  | Got a heavily runed glass ring
 44102 | Swamp:2  | Identified the ring "Rucugik" {rC- rN+ MP+9 Int+2} (You found it on level 2 of the Swamp)
 47137 | Swamp:3  | Noticed a tentacled monstrosity
 47162 | Swamp:3  | Noticed Jorgrun
 47170 | Swamp:3  | Killed Jorgrun
 47400 | Swamp:3  | Noticed Bai Suzhen
 47402 | Swamp:3  | Paralysed by a hornet for 2 turns
 47671 | Spider:1 | Entered Level 1 of the Spider Nest
 47678 | Spider:1 | Reached skill level 10 in Evocations
 48093 | Spider:1 | Identified Sif Muna's Almanac of Gliding Execration (Sif Muna gifted it to you on level 1 of the Spider Nest)
 48093 | Spider:1 | Received a gift from Sif Muna
 48145 | Spider:1 | Reached skill level 10 in Fighting
 48261 | Spider:1 | Paralysed by a hornet for 3 turns
 49858 | Spider:1 | Gained mutation: Your demonic aura causes spilled blood to erupt in flames. [demonic ancestry]
 49858 | Spider:1 | Reached XP level 17. HP: 128/128 MP: 24/32
 49860 | Spider:1 | Got a crude ring mail
 49871 | Spider:1 | Identified the +2 ring mail of the Vestibule of Hell {*Corrode Int+6 Dex+2} (You found it on level 1 of the Spider Nest)
 50515 | Spider:2 | Noticed Nikola
 50518 | Spider:2 | HP: 5/128 [Nikola/chain lightning (36)]
 50521 | Spider:2 | Killed Nikola
 51659 | Spider:2 | Noticed Arachne
 51665 | Spider:2 | Killed Arachne
 51804 | Spider:2 | Noticed Roxanne
 53108 | Spider:2 | Killed Roxanne
 53126 | Spider:2 | Identified Roxanne's Collected Works on Transmigration (You took it off Roxanne on level 2 of the Spider Nest)
 54021 | Spider:3 | Received a gift from Sif Muna
 54027 | Spider:3 | Learned a level 3 spell: Regeneration
 54213 | Spider:3 | Reached skill level 15 in Conjurations
 55981 | Spider:4 | Entered Level 4 of the Spider Nest
 57803 | Spider:4 | Identified Sif Muna's Thaumaturgy, Part Five (Sif Muna gifted it to you on level 4 of the Spider Nest)
 57803 | Spider:4 | Received a gift from Sif Muna
 58615 | Spider:4 | Reached XP level 18. HP: 93/136 MP: 0/34
 58856 | Spider:4 | Got a gossamer rune of Zot
 60080 | Swamp:2  | Killed a tentacled monstrosity
 60921 | Swamp:4  | Entered Level 4 of the Swamp
 61510 | Swamp:4  | Identified Sif Muna's Disquisition on Combat Magic (Sif Muna gifted it to you on level 4 of the Swamp)
 61510 | Swamp:4  | Received a gift from Sif Muna
 61574 | Swamp:4  | Reached skill level 15 in Ice Magic
 61895 | Swamp:4  | Got a dazzling glaive
 61896 | Swamp:4  | Identified the cursed +0 glaive of Blood-Lust {pain, *Contam +Blink +Fly Stlth+} (You found it on level 4 of the Swamp)
 63039 | Swamp:4  | Got a decaying rune of Zot
 64172 | Vaults:1 | Entered Level 1 of the Vaults
 64384 | Vaults:1 | Identified Sif Muna's Almanac of Damaging Earth (Sif Muna gifted it to you on level 1 of the Vaults)
 64384 | Vaults:1 | Received a gift from Sif Muna
 64441 | Vaults:1 | HP: 6/136 [acid (9)]
 65235 | Vaults:1 | Reached XP level 19. HP: 112/142 MP: 0/36
 65469 | Vaults:1 | Found Siylakuh's Food Shoppe.
 65472 | Vaults:1 | Found Dimofi Mera's Book Emporium.
 65477 | Vaults:1 | Bought a meat ration for 50 gold pieces
 65477 | Vaults:1 | Bought a meat ration for 50 gold pieces
 65477 | Vaults:1 | Bought a meat ration for 50 gold pieces
 65477 | Vaults:1 | Bought a royal jelly for 20 gold pieces
 65477 | Vaults:1 | Bought a royal jelly for 20 gold pieces
 65477 | Vaults:1 | Bought a royal jelly for 20 gold pieces
 65477 | Vaults:1 | Bought a meat ration for 50 gold pieces
 65477 | Vaults:1 | Bought a bread ration for 50 gold pieces
 65477 | Vaults:1 | Bought a meat ration for 50 gold pieces
 65477 | Vaults:1 | Bought a royal jelly for 20 gold pieces
 65477 | Vaults:1 | Bought a royal jelly for 20 gold pieces
 65483 | Vaults:1 | Bought a book of Ice for 1300 gold pieces
 65489 | Vaults:1 | Learned a level 5 spell: Metabolic Englaciation
 67238 | Vaults:2 | Identified Sif Muna's Grimoire of Evil Secrets and Ignition (Sif Muna gifted it to you on level 2 of the Vaults)
 67238 | Vaults:2 | Received a gift from Sif Muna
 67918 | Vaults:2 | Slain by a ghoul

Skill      XL: |  1  2  3  4  5  6  7  8  9 10 11 12 13 14 15 16 17 18 19 |
---------------+----------------------------------------------------------+-----
Ice Magic      | 3 4 5 6 8 9 10 11 13 14 15 16 | 16.4
Fighting       | 1 2 3 4 5 6 7 8 9 10 | 10.8
Spellcasting   | 3 4 5 6 7 8 9 10 11 12 13 | 13.4
Conjurations   | 2 4 6 7 9 10 12 13 14 15 16 | 16.5
Charms         | 2 3 |  3.3
Dodging        | 3 |  3.6
Invocations    | 5 9 10 11 | 11.4
Evocations     | 2 5 9 10 11 | 11.8
Air Magic      | 4 6 |  6.0
Shields        | 5 |  5.1
Throwing       | 4 6 |  6.0
Stealth        | |  1.7

Action                   |  1- 3 |  4- 6 |  7- 9 | 10-12 | 13-15 | 16-18 | 19-21 || total
-------------------------+-------+-------+-------+-------+-------+-------+-------++-------
Melee: Unarmed           |    13 |       |       |       |       |       |       ||    13
       Club              |    13 |       |       |       |       |       |       ||    13
       Dagger            |    13 |    47 |     2 |       |       |       |       ||    62
       Kick              |       |     7 |     5 |       |     5 |    11 |     2 ||    30
       Whip              |       |       |    45 |       |       |       |       ||    45
       Halberd           |       |       |    43 |   152 |       |       |       ||   195
       Headbutt          |       |       |     5 |    20 |     6 |     7 |     1 ||    39
       Staff             |       |       |       |     4 |    25 |    46 |     2 ||    77
Throw: Tomahawk          |       |       |     1 |       |     7 |     1 |       ||     9
 Cast: Freeze            |    43 |    90 |    98 |    30 |    12 |     1 |       ||   274
       Throw Frost       |     4 |     9 |    36 |    15 |       |       |       ||    64
       Ozocubu's Armour  |       |     1 |       |     4 |     3 |       |       ||     8
       Throw Icicle      |       |       |    92 |   214 |   534 |   673 |    82 ||  1595
       Summon Ice Beast  |       |       |     6 |    39 |    12 |    20 |       ||    77
       Iskenderun's Batt |       |       |       |    27 |    79 |    68 |    24 ||   198
       Bolt of Cold      |       |       |       |    17 |    92 |    62 |    29 ||   200
       Freezing Cloud    |       |       |       |       |    29 |    55 |     7 ||    91
       Orb of Destructio |       |       |       |       |       |   155 |     3 ||   158
       Regeneration      |       |       |       |       |       |     2 |       ||     2
       Metabolic Englaci |       |       |       |       |       |       |     4 ||     4
Invok: Channel Magic     |       |       |       |     2 |    13 |    14 |     1 ||    30
       Divine Energy     |       |       |       |     1 |       |       |       ||     1
 Abil: Blink             |       |       |       |       |     4 |    22 |     5 ||    31
Evoke: Wand              |       |       |     1 |     3 |     6 |    17 |       ||    27
       Staff of energy   |       |       |       |     4 |    73 |    74 |    64 ||   215
       Lightning rod     |       |       |       |       |     1 |     2 |       ||     3
  Use: Scroll            |     6 |     6 |     9 |    10 |    17 |    21 |     5 ||    74
       Potion            |     3 |     4 |    12 |     5 |     2 |    20 |     5 ||    51
 Stab: Sleeping          |     1 |     1 |     4 |    14 |       |       |       ||    20
       Distracted        |       |       |     1 |     2 |       |       |       ||     3
  Eat: Chunk             |     5 |       |    11 |    15 |    24 |    25 |     4 ||    84
       Bread ration      |     1 |     1 |     6 |     6 |     2 |     2 |       ||    18
       Meat ration       |       |       |     1 |     1 |     9 |     5 |     2 ||    18
       Fruit             |       |       |       |     5 |     3 |    12 |     1 ||    21
       Royal jelly       |       |       |       |     2 |     1 |     5 |       ||     8
Armor: Robe              |    13 |    25 |    56 |    88 |    13 |     1 |       ||   196
       Skin              |       |    15 |       |       |       |       |       ||    15
       Leather armour    |       |       |       |       |   107 |    16 |       ||   123
       Swamp dragon scal |       |       |       |       |       |   264 |    11 ||   275
Dodge: Dodged            |    43 |   104 |   118 |   165 |   182 |   331 |    28 ||   971
Block: Buckler           |       |       |       |       |    18 |   154 |    10 ||   182
